 Dungeon Crawl Stone Soup version 0.30-a0-571-gdf30a72648 (webtiles) character file.

Game seed: 3910372287340638791

91 wormed the Shooter (level 4, -1/23 HPs)
             Began as a Spriggan Hunter on Dec 30, 2022.
             Killed by nerve-wracking pain
             ... invoked by an orc priest
              (3 damage)
             ... on level 3 of the Dungeon.
             The game lasted 00:01:48 (1690 turns).

wormed the Shooter (Spriggan Hunter)                Turns: 1690, Time: 00:01:49

Health: -1/23      AC:  2    Str:  7    XL:     4   Next: 34%
Magic:  5/5        EV: 19    Int: 10    God:
Gold:   189        SH:  0    Dex: 20    Spells: 3/3 levels left

rFire   . . .      SeeInvis +    a - +0 shortbow
rCold   . . .      Faith    .    (shield currently unavailable)
rNeg    . . .      Spirit   .    c - +0 robe
rPois   .          Reflect  .    (helmet restricted)
rElec   .          Harm     .    (no cloak)
rCorr   .          Rampage  .    (gloves unavailable)
Will    .....                    (boots unavailable)
Stlth   +++                      (no amulet)
HPRegen 0.23/turn                (no ring)
MPRegen 0.09/turn                (no ring)

@: very quick
A: very small, no large weapons, unfitting armour, see invisible, speed 3
a: no special abilities


You were on level 3 of the Dungeon.
You visited 1 branch of the dungeon, and saw 3 of its levels.

You collected 189 gold pieces.

Inventory:

Hand Weapons
 a - a +0 shortbow (weapon)
Armour
 c - a +0 robe (worn)
Scrolls
 b - a scroll of immolation
 d - a scroll of vulnerability {unknown}
 e - 2 scrolls of identify {unknown}
 f - a scroll of brand weapon {unknown}
 h - 5 scrolls of summoning {unknown}
 i - 3 scrolls of blinking {unknown}
 k - a scroll of fear {unknown}
 l - a scroll of silence {unknown}
 m - 3 scrolls of teleportation {unknown}
Potions
 g - 2 potions of haste {unknown}
 j - a potion of heal wounds {unknown}
 n - a potion of invisibility {unknown}
 o - a potion of attraction {unknown}


   Skills:
 + Level 2.1 Fighting
 * Level 4.8 Ranged Weapons
 + Level 3.6 Dodging
 + Level 3.2 Stealth


You had 3 spell levels left.
You didn't know any spells.
Your spell library was empty.

Dungeon Overview and Level Annotations

Branches:
Dungeon (3/15)

Altars:


Innate Abilities, Weirdness & Mutations

You are very small and have problems with some larger weapons.
You are too small for most types of armour.
You have supernaturally acute eyesight. (SInv)
You cover ground extremely quickly. (Speed+++)


Message History

An orc is nearby!
An orc is nearby!
You shoot an arrow. The arrow completely misses the orc.
The orc shouts!
An orc priest comes into view. It is wielding a +0 hand axe.
You shoot an arrow. The arrow closely misses the orc.
You shoot an arrow. The arrow barely misses the orc.
The arrow hits the orc priest but does no damage.
An endoplasm comes into view.
You shoot an arrow. The endoplasm quivers.
The arrow hits the orc.
The orc is severely wounded.
You shoot an arrow. The arrow barely misses the orc.
You shoot an arrow. The arrow hits the orc.
You kill the orc!
You shoot an arrow.
The arrow hits the orc priest but does no damage.
The orc priest hits you with a +0 hand axe.
You shoot an arrow.
The arrow hits the orc priest but does no damage.
The orc priest barely misses you.
You shoot an arrow. The arrow hits the orc priest.
The orc priest is moderately wounded.
The orc priest closely misses you.
You shoot an arrow. The arrow hits the orc priest!
The orc priest is almost dead.
The orc priest calls down the wrath of Beogh upon you.
Beogh smites you!
Ouch! That really hurt!
* * * LOW HITPOINT WARNING * * *
The endoplasm hits you.
* * * LOW HITPOINT WARNING * * *
The orc priest hits you with a +0 hand axe.
* * * LOW HITPOINT WARNING * * *
The endoplasm misses you.
There is a stone staircase leading up here.
The orc priest mumbles some strange prayers to Beogh against you.
Pain shoots through your body!
You die...

#..#..# .
#####..#.#
..#.....<.)###
..).####.....###
...)...†.....>.
#.#...†.......
#...o.........
#...J)........
##....@.).....
#............
#............
#..............
####...........
##.....#....
####.#####. ..


You could see an orc priest and an endoplasm.

Vanquished Creatures
  An orc priest (D:3)
  An adder (D:2)
  2 dart slugs
  5 orcs
  5 endoplasms
  5 giant cockroaches
  5 goblins
  3 hobgoblins
  3 quokkas
  3 ball pythons
  A bat (D:2)
  3 frilled lizards
  A kobold (D:2)
  3 rats (D:1)
41 creatures vanquished.

Notes
Turn   | Place    | Note
-------+----------+-------------------------------------------
     0 | D:1      | wormed the Spriggan Hunter began the quest for the Orb.
     0 | D:1      | Reached XP level 1. HP: 10/10 MP: 2/2
    93 | D:1      | Reached XP level 2. HP: 10/15 MP: 3/3
   893 | D:2      | Reached XP level 3. HP: 18/18 MP: 4/4
  1208 | D:2      | Found a faded altar of an unknown god.
  1585 | D:3      | Reached XP level 4. HP: 23/23 MP: 5/5
  1688 | D:3      | HP: 1/23 [orc priest/+0 hand axe (4)]
  1690 | D:3      | Killed from afar by an orc priest

Illustrated notes

Levels and vault maps discovered:
D:1:      onia_arrival_pyramid, layout_loops_cross
D:2:      layout_loops_ring, shapermc_ecumenical_altar_hornbeckon
D:3:      layout_rooms, serial_shops, shop, minmay_pentomino_pile

Skill      XL: |  1  2  3 |
---------------+----------+-----
Stealth        | 2 3 |  3.2
Dodging        | 3 |  3.6
Fighting       | 2 |  2.1
Ranged Weapons | |  4.8

Action                   |  1- 3 |  4- 6 || total
-------------------------+-------+-------++-------
 Fire: Shortbow          |    72 |    26 ||    98
Dodge: Dodged            |    13 |     7 ||    20

Table legend: (Time is in decaauts)
 A = Elapsed time spent in this place.
 B = Non-inter-level travel time spent in this place.
 C = Inter-level travel time spent in this place.
 D = Time resting spent in this place.
 E = Time spent auto-exploring this place.
 F = Levels seen in this place.
 G = Mean time per level.
                   A        B        C        D        E       F      G
               +--------+--------+--------+--------+--------+-----+--------+
         Total |   1150 |   1009 |    141 |      0 |    807 |   3 |  383.3 |
       Dungeon |   1150 |   1009 |    141 |      0 |    807 |   3 |  383.3 |
               +--------+--------+--------+--------+--------+-----+--------+

Top non-repeatable levels by time:
     D:2: 662 daAuts
     D:1: 434 daAuts
     D:3: 53 daAuts
